 Dungeon Crawl Stone Soup version 0.18.1-47-g9310371 (webtiles) character file.

743 Mesmaeker13 the Skirmisher (level 7, -14/56 HPs)
             Began as a Demonspawn Skald on June 23, 2016.
             Was an Initiate of Makhleb.
             Demolished by Pikel
             ... wielding a +1 whip of electrocution
              (16 damage)
             ... on level 6 of the Dungeon.
             The game lasted 00:11:08 (4489 turns).

Mesmaeker13 the Skirmisher (Demonspawn Skald)       Turns: 4489, Time: 00:11:08

Health: -14/56     AC: 16    Str: 14      XL:     7   Next: 47%
Magic:  10/10      EV:  9    Int: 14      God:    Makhleb [......]
Gold:   215        SH:  0    Dex: 14 (17) Spells: 1 memorised, 9 levels left

rFire  x . .     SeeInvis .     a - +0 mace
rCold  + . .     Gourm    .     i - +0 plate armour
rNeg   . . .     Faith    .     (no shield)
rPois  .         Spirit   .     y - +0 helmet
rElec  .         Dismiss  .     (no cloak)
rCorr  .         Reflect  .     x - +0 pair of gloves
SustAt .         Harm     .     (no boots)
MR     .....                    (no amulet)
Stlth  ..........               (no ring)
                                k - ring of ice

@: agile, very slightly contaminated, invisible, not resistant to hostile
enchantments, extremely unstealthy
A: talons 2, slimy green scales 1, nightstalker 1
a: Renounce Religion


You were on level 6 of the Dungeon.
You worshipped Makhleb.
Makhleb was noncommittal.
You were hungry.

You visited 2 branches of the dungeon, and saw 7 of its levels.

You collected 215 gold pieces.

Inventory:

Hand Weapons
 a - a +0 mace (weapon)
Missiles
 s - 3 tomahawks (quivered)
Armour
 i - a +0 plate armour (worn)
 o - a +0 buckler
 x - a +0 pair of gloves (worn)
 y - a +0 helmet (worn)
Jewellery
 k - a ring of ice (left hand)
Wands
 n - a wand of iceblast (0/15)
Scrolls
 b - a scroll of blinking
 f - 2 scrolls of teleportation
 p - a scroll of remove curse
 u - a scroll of magic mapping
Potions
 e - a potion of invisibility
 g - a potion of beneficial mutation {unknown}
 j - a potion of magic {unknown}
 l - a potion of heal wounds {unknown}
 m - a potion of brilliance {unknown}
 r - a potion of flight {unknown}
 v - a potion of resistance {unknown}
Books
 c - a book of Battle

   Spells                             Type                      Level
   a - Infusion                       Charms                       1
   b - Shroud of Golubria             Charms/Translocation         2
   c - Song of Slaying                Charms                       2
   d - Spectral Weapon                Hexes/Charms                 3
   e - Regeneration                   Charms/Necromancy            3
Comestibles
 d - 2 bread rations
 t - 3 meat rations


   Skills:
 + Level 5.1 Fighting
 + Level 4.8 Maces & Flails
 + Level 4.1 Armour
 - Level 0.8 Dodging
 - Level 2.0 Spellcasting
 - Level 2.6 Charms


You had 9 spell levels left.
You knew the following spells:

 Your Spells              Type           Power        Failure   Level  Hunger
a - Infusion              Chrm           #...         100%        1    ##.....


Dungeon Overview and Level Annotations

Branches:
Dungeon (6/15)             Temple (1/1) D:4

Altars:
Cheibriados
Dithmenos
Elyvilon
Kikubaaqudgha
Makhleb
Nemelex Xobeh
Okawaru
Qazlal
Ru
Sif Muna
Trog
Vehumet
Xom
Zin
The Shining One

Annotations:
D:6 Pikel


Innate Abilities, Weirdness & Mutations

You have razor-sharp toenails.
You are partially covered in slimy green scales (AC +2).
You are slightly more attuned to the shadows.


Message History

Pikel is lightly wounded.
Pikel hits you but does no damage.
Your plate armour prevents you from hitting Pikel.
Pikel is lightly wounded.
Pikel barely misses you.
You hit Pikel.
Pikel is lightly wounded.
Pikel closely misses you.
Pikel hits you with a whip of electrocution.
You are electrocuted!
You strike the helpless Pikel from behind!
You hit Pikel.
Pikel is moderately wounded.
Pikel hits you but does no damage.
You are electrocuted!
* * * LOW HITPOINT WARNING * * *
You catch the helpless Pikel completely off-guard!
You hit Pikel but do no damage. You claw Pikel, but do no damage.
Pikel is moderately wounded.
Pikel hits you but does no damage.
You are electrocuted!
You die...

################
...............# ##
##############.########....
..........@Kp........
########.########....
#######.###### ..
#>...............
......###....#### ......
#.......# .F...<##._.....#
....F.#..........
......#....♣.....


You could see Pikel and a slave.

Vanquished Creatures
  Sigmund (D:3)
  An ogre (D:5)
  2 giant frogs (D:6)
  A quasit (D:6)
  A giant frog zombie (D:5)
  2 jellies (D:5)
  An orc wizard (D:5)
  An orc priest (D:3)
  A hound zombie (D:5)
  3 gnolls (D:3)
  4 adders
  2 shadow imps (D:5)
  A worm (D:3)
  A dart slug (D:3)
  2 giant geckos
  6 orcs
  7 bats
  5 giant cockroaches
  10 goblins
  3 hobgoblins
  9 jackals
  A quokka (D:4)
  6 giant newts
  3 kobolds
  8 rats
82 creatures vanquished.

Notes
Turn   | Place    | Note
--------------------------------------------------------------
     0 | D:1      | Mesmaeker13 the Demonspawn Skald began the quest for the Orb.
     0 | D:1      | Reached XP level 1. HP: 16/16 MP: 3/3
   496 | D:1      | Gained mutation: You have sharp toenails. [demonic ancestry]
   496 | D:1      | Reached XP level 2. HP: 22/23 MP: 5/5
  1104 | D:2      | Reached skill level 1 in Armour
  1302 | D:2      | Gained mutation: You are slightly more attuned to the shadows. [demonic ancestry]
  1302 | D:2      | Reached XP level 3. HP: 28/28 MP: 6/6
  1391 | D:2      | Found a stormy altar of Qazlal.
  1754 | D:3      | Noticed Sigmund
  1933 | D:3      | Reached skill level 3 in Fighting
  1933 | D:3      | Gained mutation: You have razor-sharp toenails. [demonic ancestry]
  1933 | D:3      | Reached XP level 4. HP: 16/35 MP: 7/7
  2112 | D:3      | Killed Sigmund
  2112 | D:3      | Gained mutation: You are partially covered in slimy green scales (AC +2). [demonic ancestry]
  2112 | D:3      | Reached XP level 5. HP: 19/42 MP: 8/8
  2368 | D:3      | Reached XP level 6. HP: 36/48 MP: 9/9
  2658 | D:3      | Reached skill level 4 in Fighting
  3362 | D:4      | Found a staircase to the Ecumenical Temple.
  3368 | Temple   | Entered the Ecumenical Temple
  3718 | D:5      | Entered Level 5 of the Dungeon
  3828 | D:5      | Reached XP level 7. HP: 25/55 MP: 10/10
  4155 | D:6      | Found a burning altar of Makhleb.
  4163 | D:6      | Found a deep blue altar of Sif Muna.
  4166 | D:6      | Became a worshipper of Makhleb the Destroyer
  4193 | D:6      | Reached skill level 5 in Fighting
  4468 | D:6      | Noticed Pikel
  4488 | D:6      | HP: 2/56 [Pikel/whip of electrocution (19)]
  4489 | D:6      | Demolished by Pikel

Skill      XL: |  1  2  3  4  5  6  7 |
---------------+----------------------+-----
Maces & Flails | 2 3 4 |  4.8
Armour         | 1 2 3 4 |  4.1
Fighting       | 3 4 5 |  5.1
Dodging        | |  0.8
Spellcasting   | |  2.0
Charms         | |  2.6

Action                   |  1- 3 |  4- 6 |  7- 9 || total
-------------------------+-------+-------+-------++-------
Melee: Mace              |   119 |   218 |    77 ||   414
       Kick              |    22 |    50 |    19 ||    91
Throw: Tomahawk          |       |     4 |       ||     4
Evoke: Wand              |       |     1 |       ||     1
  Use: Scroll            |     7 |     4 |       ||    11
       Potion            |     4 |     3 |     2 ||     9
 Stab: Invisible         |       |       |     2 ||     2
  Eat: Chunk             |     3 |     7 |       ||    10
       Pizza             |       |       |     1 ||     1
Armor: Plate armour      |   133 |   187 |   114 ||   434
       Scale mail        |     7 |       |       ||     7
Dodge: Dodged            |    17 |    53 |    38 ||   108
